TOP OF THE 1ST |
Auburn Tigers batting - Pitching for Kentucky Wildcats : LHP Paul Seymour
|
Pitching: LHP Paul Seymour
|
|
Batting: RHB Lou Perry
|
0-0: Ball 1-0: Ball 2-0: Foul Ball, location: 2F 2-1: Ground out U3 (Groundball, 34)
|
Batting: LHB Armando Vázquez
|
0-0: Called Strike 0-1: Foul Ball, location: 2F 0-2: Strikes out swinging
|
Batting: RHB Vincente Martínez
|
0-0: Ball 1-0: Fly out, F7 (Flyball, 7)
|
Top of the 1st over - 0 runs, 0 hits, 0 errors, 0 left on base; Auburn 0 - Kentucky 0 |
BOTTOM OF THE 1ST |
Kentucky Wildcats batting - Pitching for Auburn Tigers : RHP Bill Barnes
|
Pitching: RHP Bill Barnes
|
|
Batting: RHB Travis Kramer
|
0-0: Called Strike 0-1: Ball 1-1: Ground out 6-3 (Groundball, 6S)
|
Batting: RHB Sam Robinson
|
0-0: Ball 1-0: Ball 2-0: Ball 3-0: Foul Ball, location: 2F 3-1: Called Strike 3-2: Strikes out swinging
|
Batting: RHB Haywood Young
|
0-0: Ground out 5-3 (Groundball, 5S)
|
Bottom of the 1st over - 0 runs, 0 hits, 0 errors, 0 left on base; Auburn 0 - Kentucky 0 |
TOP OF THE 2ND |
Auburn Tigers batting - Pitching for Kentucky Wildcats : LHP Paul Seymour
|
Batting: RHB Mike Brown
|
0-0: Ball 1-0: Swinging Strike 1-1: Ball 2-1: Swinging Strike 2-2: Foul Ball, location: 2F 2-2: Ball 3-2: Foul Ball, location: 2F 3-2: Base on Balls
|
Batting: LHB José Mendoza
|
0-0: Ball 1-0: SINGLE (Line Drive, 34) Mike Brown to second
|
Batting: RHB Ed McVinish
|
0-0: Foul Ball, location: 2F 0-1: Ball 1-1: Foul Ball, location: 2F 1-2: Strikes out swinging
|
Batting: LHB Ed Sorensen
|
0-0: Foul Ball, location: 2F 0-1: Ball 1-1: Foul Ball, location: 2F 1-2: Fielders Choice at 2nd, 1-6 (Groundball, 13S) Mike Brown to third
|
Batting: SHB Wayne Tressler
|
0-0: Called Strike 0-1: Foul Ball, location: 2F 0-2: Fly out, F9 (Flyball, 9)
|
Top of the 2nd over - 0 runs, 1 hit, 0 errors, 2 left on base; Auburn 0 - Kentucky 0 |
BOTTOM OF THE 2ND |
Kentucky Wildcats batting - Pitching for Auburn Tigers : RHP Bill Barnes
|
Batting: RHB Gabriel Sánchez
|
0-0: Foul Ball, location: 2F 0-1: SOLO HOME RUN (Flyball, 7LD), Distance : 331 ft
|
Batting: RHB Johnny Carson
|
0-0: Called Strike 0-1: Ball 1-1: Ball 2-1: Hit by Pitch
|
Batting: RHB Jamal Martínez
|
0-0: Called Strike Pickoff Throw by Catcher to First - Out! 0-1: Ground out 3-1 (Groundball, 34S)
|
Batting: RHB Ken Jenkins
|
0-0: Ball 1-0: Ball 2-0: Ball 3-0: Called Strike 3-1: Foul Ball, location: 2F 3-2: Foul Ball, location: 2F 3-2: Fly out, F4 (Line Drive, 4M)
|
Bottom of the 2nd over - 1 run, 1 hit, 0 errors, 0 left on base; Auburn 0 - Kentucky 1 |
TOP OF THE 3RD |
Auburn Tigers batting - Pitching for Kentucky Wildcats : LHP Paul Seymour
|
Batting: LHB Julián Icaza
|
0-0: Bunt for hit - play at first, batter safe!
|
Batting: RHB Lou Perry
|
0-0: Ball 1-0: Swinging Strike 1-1: Foul Ball, location: 2F 1-2: Ball 2-2: Strikes out looking
|
Batting: LHB Armando Vázquez
|
0-0: Ball 1-0: Ball 2-0: Ball 3-0: Called Strike 3-1: Fly out, F8 (Flyball, 78D)
|
Batting: RHB Vincente Martínez
|
0-0: Foul Ball, location: 2F 0-1: Foul Ball, location: 2F 0-2: Ball 1-2: Ball 2-2: Foul Ball, location: 2F 2-2: Fly out, F9 (Flyball, 89M)
|
Top of the 3rd over - 0 runs, 1 hit, 0 errors, 1 left on base; Auburn 0 - Kentucky 1 |
BOTTOM OF THE 3RD |
Kentucky Wildcats batting - Pitching for Auburn Tigers : RHP Bill Barnes
|
Batting: RHB Chris Young
|
0-0: Ball 1-0: Foul Ball, location: 2F 1-1: Fly out, F7 (Flyball, 78M)
|
Batting: RHB Ken Walsh
|
0-0: Ball 1-0: Called Strike 1-1: Swinging Strike 1-2: Strikes out looking
|
Batting: RHB Travis Kramer
|
0-0: Ball 1-0: Ball 2-0: Foul Ball, location: 2F 2-1: Ball 3-1: Base on Balls
|
Batting: RHB Sam Robinson
|
0-0: Called Strike 0-1: SINGLE (Flyball, 89S) Travis Kramer to second Runner from 2nd tries for 3rd, SAFE, no throw
|
Batting: RHB Haywood Young
|
0-0: Foul Ball, location: 2F 0-1: Ball 1-1: Ball 2-1: Foul Ball, location: 2F 2-2: Fly out, F9 (Line Drive, 9)
|
Bottom of the 3rd over - 0 runs, 1 hit, 0 errors, 2 left on base; Auburn 0 - Kentucky 1 |
TOP OF THE 4TH |
Auburn Tigers batting - Pitching for Kentucky Wildcats : LHP Paul Seymour
|
Batting: RHB Mike Brown
|
0-0: Ball 1-0: Fly out, F6 (Line Drive, 6)
|
Batting: LHB José Mendoza
|
0-0: Ball 1-0: Foul Ball, location: 2F 1-1: Called Strike 1-2: Foul Ball, location: 2F 1-2: Ball 2-2: Ball 3-2: Base on Balls
|
Batting: RHB Ed McVinish
|
0-0: Ball 1-0: Ball 2-0: Called Strike José Mendoza is caught stealing 2nd base 2-1: Foul Ball, location: 2F 2-2: SINGLE (Flyball, 6D)
|
Batting: LHB Ed Sorensen
|
0-0: Ball 1-0: SINGLE (Line Drive, 34D) Ed McVinish to second Runner from 2nd tries for 3rd, SAFE, no throw
|
Batting: SHB Wayne Tressler
|
0-0: Ball 1-0: Ball 2-0: Fly out, F9 (Flyball, 9S)
|
Top of the 4th over - 0 runs, 2 hits, 0 errors, 2 left on base; Auburn 0 - Kentucky 1 |
BOTTOM OF THE 4TH |
Kentucky Wildcats batting - Pitching for Auburn Tigers : RHP Bill Barnes
|
Batting: RHB Gabriel Sánchez
|
0-0: SINGLE (Flyball, 7S)
|
Batting: RHB Johnny Carson
|
0-0: Called Strike 0-1: Ball Wild Pitch! Gabriel Sánchez to second 1-1: Swinging Strike 1-2: Foul Ball, location: 2F 1-2: Ball 2-2: Foul Ball, location: 2F 2-2: Strikes out looking
|
Batting: RHB Jamal Martínez
|
0-0: Ball 1-0: Foul Ball, location: 2F 1-1: Ground out U3 (Groundball, 34S) Gabriel Sánchez to third
|
Batting: RHB Ken Jenkins
|
0-0: Called Strike 0-1: Fly out, F9 (Flyball, 9D)
|
Bottom of the 4th over - 0 runs, 1 hit, 0 errors, 1 left on base; Auburn 0 - Kentucky 1 |
TOP OF THE 5TH |
Auburn Tigers batting - Pitching for Kentucky Wildcats : LHP Paul Seymour
|
Batting: LHB Julián Icaza
|
0-0: Ball 1-0: Ball 2-0: Ground out 6-3 (Groundball, 6M)
|
Batting: RHB Lou Perry
|
0-0: Foul Ball, location: 2F 0-1: Ball 1-1: Ball 2-1: Foul Ball, location: 2F 2-2: Ball 3-2: Strikes out swinging
|
Batting: LHB Armando Vázquez
|
0-0: SINGLE (Line Drive, 56)
|
Batting: RHB Vincente Martínez
|
0-0: Hit by Pitch Armando Vázquez to second
|
Batting: RHB Mike Brown
|
0-0: Ball 1-0: Called Strike 1-1: Swinging Strike 1-2: Ball 2-2: Foul Ball, location: 2F 2-2: Foul Ball, location: 2F 2-2: Ball 3-2: Base on Balls Armando Vázquez to third Vincente Martínez to second
|
Pitching: RHP Kevin García
|
|
Batting: LHB José Mendoza
|
0-0: Swinging Strike 0-1: Ball 1-1: Swinging Strike 1-2: Strikes out swinging
|
Top of the 5th over - 0 runs, 1 hit, 0 errors, 3 left on base; Auburn 0 - Kentucky 1 |
BOTTOM OF THE 5TH |
Kentucky Wildcats batting - Pitching for Auburn Tigers : RHP Bill Barnes
|
Batting: RHB Chris Young
|
0-0: Swinging Strike 0-1: Ball 1-1: Ball 2-1: Swinging Strike 2-2: Strikes out swinging
|
Batting: RHB Ken Walsh
|
0-0: Foul Ball, location: 2F 0-1: Swinging Strike 0-2: Ball 1-2: Strikes out looking
|
Batting: RHB Travis Kramer
|
0-0: Ball 1-0: Called Strike 1-1: Swinging Strike 1-2: Ball 2-2: DOUBLE (Line Drive, 7LS)
|
Batting: RHB Sam Robinson
|
0-0: Fly out, F7 (Flyball, 7LSF)
|
Bottom of the 5th over - 0 runs, 1 hit, 0 errors, 1 left on base; Auburn 0 - Kentucky 1 |
TOP OF THE 6TH |
Auburn Tigers batting - Pitching for Kentucky Wildcats : RHP Kevin García
|
Batting: RHB Ed McVinish
|
0-0: Ball 1-0: Called Strike 1-1: Called Strike 1-2: Ground out 6-3 (Groundball, 6M)
|
Batting: LHB Ed Sorensen
|
0-0: Swinging Strike 0-1: Swinging Strike 0-2: SINGLE (Groundball, 4D)
|
Batting: SHB Wayne Tressler
|
0-0: Called Strike 0-1: Ball 1-1: Ball 2-1: Foul Ball, location: 2F 2-2: Foul Ball, location: 2F 2-2: Foul Ball, location: 2F 2-2: Ball 3-2: SINGLE (Groundball, 56D) Ed Sorensen to second
|
Batting: LHB Julián Icaza
|
0-0: Ball 1-0: Ball 2-0: Called Strike 2-1: Swinging Strike 2-2: Ground out 5-3 (Groundball, 2L) Ed Sorensen to third Wayne Tressler to second
|
Batting: RHB Lou Perry
|
0-0: Ball 1-0: SINGLE (Groundball, 6S) (infield hit) Ed Sorensen scores Wayne Tressler to third
|
Batting: LHB Armando Vázquez
|
0-0: SINGLE (Groundball, 6D) Wayne Tressler scores Lou Perry to second
|
Pitching: RHP Rafael Hernández
|
|
Batting: RHB Vincente Martínez
|
0-0: Ball 1-0: Ball 2-0: Swinging Strike 2-1: Ball 3-1: Base on Balls Lou Perry to third Armando Vázquez to second
|
Batting: RHB Mike Brown
|
0-0: Foul Ball, location: 2F 0-1: Ball 1-1: Ball 2-1: Fly out, F3 (Popup, 34)
|
Top of the 6th over - 2 runs, 4 hits, 0 errors, 3 left on base; Auburn 2 - Kentucky 1 |
BOTTOM OF THE 6TH |
Kentucky Wildcats batting - Pitching for Auburn Tigers : RHP Bill Barnes
|
Batting: RHB Haywood Young
|
0-0: Ball 1-0: SINGLE (Flyball, 4MD)
|
Batting: RHB Gabriel Sánchez
|
0-0: Ball 1-0: Called Strike 1-1: Ball 2-1: Ball 3-1: Foul Ball, location: 2F 3-2: Base on Balls Haywood Young to second
|
Pitching: LHP Emílio Jiménez
|
|
Batting: RHB Johnny Carson
|
0-0: Fielders Choice at 2nd, 1-6 (Groundball, 13) Haywood Young to third
|
Batting: RHB Jamal Martínez
|
0-0: Called Strike 0-1: Foul Ball, location: 2F 0-2: Foul Ball, location: 2F 0-2: Strikes out swinging
|
Batting: RHB Ken Jenkins
|
0-0: Ball 1-0: Called Strike 1-1: Called Strike 1-2: Strikes out looking
|
Bottom of the 6th over - 0 runs, 1 hit, 0 errors, 2 left on base; Auburn 2 - Kentucky 1 |
TOP OF THE 7TH |
Auburn Tigers batting - Pitching for Kentucky Wildcats : RHP Rafael Hernández
|
Batting: LHB José Mendoza
|
0-0: Called Strike 0-1: Called Strike 0-2: Ground out U3 (Groundball, 3)
|
Batting: RHB Ed McVinish
|
0-0: Foul Ball, location: 2F 0-1: Swinging Strike 0-2: Ground out 4-3 (Groundball, 4)
|
Batting: LHB Ed Sorensen
|
0-0: Foul Ball, location: 2F 0-1: SOLO HOME RUN (Flyball, 9D), Distance : 349 ft
|
Batting: SHB Wayne Tressler
|
0-0: Ball 1-0: Ball 2-0: Foul Ball, location: 2F 2-1: Fly out, F6 (Line Drive, 6)
|
Top of the 7th over - 1 run, 1 hit, 0 errors, 0 left on base; Auburn 3 - Kentucky 1 |
BOTTOM OF THE 7TH |
Kentucky Wildcats batting - Pitching for Auburn Tigers : LHP Emílio Jiménez
|
Batting: RHB Chris Young
|
0-0: Ball 1-0: Foul Ball, location: 2F 1-1: Ball 2-1: Called Strike 2-2: Foul Ball, location: 2F 2-2: Strikes out swinging
|
Batting: RHB Ken Walsh
|
0-0: Called Strike 0-1: Swinging Strike 0-2: Ball 1-2: Foul Ball, location: 2F 1-2: Ball 2-2: Foul Ball, location: 2F 2-2: Strikes out swinging
|
Batting: RHB Travis Kramer
|
0-0: Called Strike 0-1: Foul Ball, location: 2F 0-2: Strikes out swinging
|
Bottom of the 7th over - 0 runs, 0 hits, 0 errors, 0 left on base; Auburn 3 - Kentucky 1 |
TOP OF THE 8TH |
Auburn Tigers batting - Pitching for Kentucky Wildcats : RHP Rafael Hernández
|
Batting: LHB Julián Icaza
|
0-0: Foul Ball, location: 2F 0-1: Ball 1-1: SINGLE (Flyball, 78M)
|
Batting: RHB Lou Perry
|
0-0: Bunted foul 0-1: Ball 1-1: Bunted foul 1-2: Foul Ball, location: 2F 1-2: Ball 2-2: Hit by Pitch Julián Icaza to second
|
Batting: LHB Armando Vázquez
|
0-0: Bunt - Flyout! F3
|
Batting: RHB Vincente Martínez
|
0-0: Called Strike 0-1: Ball 1-1: Foul Ball, location: 2F 1-2: Ball 2-2: Ball 3-2: Strikes out swinging
|
Batting: RHB Mike Brown
|
0-0: Called Strike 0-1: Foul Ball, location: 2F 0-2: DOUBLE (Line Drive, 7LM) Julián Icaza scores Lou Perry to third Runner from 3rd tries for Home, SAFE, no throw
|
Batting: LHB José Mendoza
|
0-0: Called Strike 0-1: Ball 1-1: Swinging Strike 1-2: Strikes out looking
|
Top of the 8th over - 2 runs, 2 hits, 0 errors, 1 left on base; Auburn 5 - Kentucky 1 |
BOTTOM OF THE 8TH |
Kentucky Wildcats batting - Pitching for Auburn Tigers : LHP Emílio Jiménez
|
Batting: RHB Sam Robinson
|
0-0: Foul Ball, location: 2F 0-1: Called Strike 0-2: Ball 1-2: Ground out 5-3 (Groundball, 56S)
|
Batting: RHB Haywood Young
|
0-0: Swinging Strike 0-1: Foul Ball, location: 2F 0-2: Ball 1-2: Strikes out looking
|
Batting: RHB Gabriel Sánchez
|
0-0: Ball 1-0: Ball 2-0: Called Strike 2-1: Foul Ball, location: 2F 2-2: Ball 3-2: Foul Ball, location: 2F 3-2: Strikes out swinging
|
Bottom of the 8th over - 0 runs, 0 hits, 0 errors, 0 left on base; Auburn 5 - Kentucky 1 |
TOP OF THE 9TH |
Auburn Tigers batting - Pitching for Kentucky Wildcats : RHP Rafael Hernández
|
Batting: RHB Ed McVinish
|
0-0: Ball 1-0: Called Strike 1-1: Ball 2-1: Foul Ball, location: 2F 2-2: Foul Ball, location: 2F 2-2: Ball 3-2: Strikes out swinging
|
Batting: LHB Ed Sorensen
|
0-0: Ball 1-0: Called Strike 1-1: Foul Ball, location: 2F 1-2: Ball 2-2: Foul Ball, location: 2F 2-2: Ball 3-2: Foul Ball, location: 2F 3-2: Strikes out swinging
|
Batting: SHB Wayne Tressler
|
0-0: SINGLE (Groundball, 23) (infield hit)
|
Pitching: RHP Doug Sales
|
|
Batting: LHB Julián Icaza
|
0-0: Ball 1-0: Fly out, F7 (Flyball, 78S)
|
Top of the 9th over - 0 runs, 1 hit, 0 errors, 1 left on base; Auburn 5 - Kentucky 1 |
BOTTOM OF THE 9TH |
Kentucky Wildcats batting - Pitching for Auburn Tigers : LHP Emílio Jiménez
|
Batting: RHB Johnny Carson
|
0-0: Ball 1-0: Swinging Strike 1-1: DOUBLE (Line Drive, 7LM)
|
Batting: RHB Jamal Martínez
|
0-0: Called Strike 0-1: Reached on error, E6 (Groundball, 6) Johnny Carson to third
|
Batting: RHB Ken Jenkins
|
0-0: Called Strike 0-1: Fly out, F8 (Flyball, 89M) Runner from 3rd tags up, SCORES, no throw
|
Batting: RHB Chris Young
|
0-0: Ball 1-0: Ball 2-0: Ball 3-0: Called Strike 3-1: Foul Ball, location: 2F 3-2: Foul Ball, location: 2F 3-2: Base on Balls Jamal Martínez to second
|
Pinch Hitting: LHB Héctor De Los Santos
|
0-0: Called Strike 0-1: Ball 1-1: Ball 2-1: Called Strike 2-2: Strikes out swinging
|
Pitching: RHP Chris Wright
|
|
Batting: RHB Travis Kramer
|
0-0: Ball Passed Ball! Jamal Martínez to third Chris Young to second 1-0: Ball 2-0: Called Strike 2-1: Ball 3-1: Ground out 5-3 (Groundball, 5)
|
Bottom of the 9th over - 1 run, 1 hit, 1 error, 2 left on base; Auburn 5 - Kentucky 2 |
|